 Dungeon Crawl Stone Soup version 0.25-a0-663-gace7076f2c (webtiles) character file.

Game seed: 8897209660324867407, levelgen mode: deterministic

151 Alarkh the Insei (level 5, -2/41 HPs)
             Began as a Demonspawn Monk on Mar 25, 2020.
             Was a Believer of Okawaru.
             Slain by a hobgoblin
             ... wielding a +0 quarterstaff
              (8 damage)
             ... on level 3 of the Dungeon.
             The game lasted 00:03:38 (2890 turns).

Alarkh the Insei (Demonspawn Monk)                  Turns: 2890, Time: 00:03:39

Health: -2/41      AC:  2    Str: 12      XL:     5   Next: 10%
Magic:  5/5        EV: 13    Int: 11 (12) God:    Okawaru [**....]
Gold:   197        SH:  0    Dex: 12 (15) Spells: 4/4 levels left

rFire    . . .     SeeInvis .     - Unarmed
rCold    . . .     Gourm    .   (no shield)
rNeg     . . .     Faith    .   a - +0 robe
rPois    .         Spirit   .   (no helmet)
rElec    .         Reflect  .   (no cloak)
rCorr    .         Harm     .   (no gloves)
MR       .....                  (no boots)
Stlth    ++........             (no amulet)
HPRegen  0.13/turn              i - ring of wizardry
MPRegen  0.09/turn              (no ring)

@: no status effects
A: claws 1, sturdy frame 1
a: Heroism, Renounce Religion


You were on level 3 of the Dungeon.
You worshipped Okawaru.
Okawaru was pleased with you.
You were very hungry.

You visited 1 branch of the dungeon, and saw 3 of its levels.

You collected 197 gold pieces.

Inventory:

Armour
 a - a +0 robe (worn)
Jewellery
 i - a ring of wizardry (left claw)
 j - an uncursed amulet of magic regeneration {unknown}
Wands
 c - a wand of iceblast (6)
Scrolls
 d - 3 scrolls of remove curse {unknown}
 e - 2 scrolls of magic mapping {unknown}
 f - a scroll of amnesia {unknown}
 g - 4 scrolls of identify {unknown}
 h - a scroll of immolation {unknown}
 l - a scroll of enchant weapon {unknown}
 p - a scroll of teleportation {unknown}
Potions
 k - a potion of degeneration
 m - a potion of might {unknown}
 n - a potion of magic {unknown}
 o - a potion of stabbing {unknown}
Comestibles
 b - 6 rations


   Skills:
 - Level 3.0 Fighting
 - Level 2.6 Dodging
 - Level 1.7 Stealth
 + Level 5.3 Unarmed Combat


You had 4 spell levels left.
You didn't know any spells.
Your spell library was empty.

Dungeon Overview and Level Annotations

Branches:
Dungeon (3/15)

Altars:
Okawaru
Ru
Vehumet


Innate Abilities, Weirdness & Mutations

You have sharp fingernails.
Your movements are slightly less encumbered by armour. (ER -2)


Message History

You scratch the rat.
You kill the rat!
Okawaru accepts your kill.
Things that are here:
a +0 club; a goblin corpse You start resting.
You feel sick.
A hobgoblin comes into view. It is wielding a +0 quarterstaff.
A hobgoblin is nearby!
A hobgoblin is nearby!
A hobgoblin is nearby!
You feel sick.
You are no longer poisoned.
You scratch the hobgoblin.
The hobgoblin is almost dead.
The hobgoblin closely misses you.
You scratch the hobgoblin but do no damage.
The hobgoblin is almost dead.
The hobgoblin hits you with a +0 quarterstaff!
You die...

#.# #.# # ##.
#.. ##.# #..#
#.g# #.@# #
#..# #.##)## .
#..#(%######..
#.#(........#
#.........###.
#.......###...
###..........#
#.......##.


You could see a hobgoblin.

Vanquished Creatures
  A howler monkey (D:3)
  4 adders
  3 oozes
  3 worms
  2 ball pythons
  A giant cockroach (D:1)
  4 hobgoblins
  4 jackals (D:3)
  A quokka (D:2)
  5 bats
  2 frilled lizards
  14 goblins
  6 kobolds
  11 rats
61 creatures vanquished.

Notes
Turn   | Place    | Note
-------+----------+-------------------------------------------
     0 | D:1      | Alarkh the Demonspawn Monk began the quest for the Orb.
     0 | D:1      | Reached XP level 1. HP: 18/18 MP: 1/1
   153 | D:1      | Reached skill level 3 in Unarmed Combat
   495 | D:1      | Gained mutation: You have sharp fingernails. [demonic
                  | ancestry]
   495 | D:1      | Reached XP level 2. HP: 22/24 MP: 2/2
  1063 | D:2      | Reached XP level 3. HP: 28/29 MP: 3/3
  1088 | D:2      | Reached skill level 4 in Unarmed Combat
  1999 | D:2      | Reached XP level 4. HP: 25/35 MP: 4/4
  2203 | D:2      | Found a sacrificial altar of Ru.
  2203 | D:2      | Found a radiant altar of Vehumet.
  2272 | D:3      | Reached skill level 5 in Unarmed Combat
  2583 | D:3      | Found an iron altar of Okawaru.
  2652 | D:3      | Became a worshipper of Warmaster Okawaru
  2652 | D:3      | Reached * piety under Okawaru
  2652 | D:3      | Reached ** piety under Okawaru
  2859 | D:3      | Gained mutation: Your movements are slightly less
                  | encumbered by armour. (ER -2) [demonic ancestry]
  2859 | D:3      | Reached XP level 5. HP: 14/41 MP: 5/5
  2890 | D:3      | Slain by a hobgoblin

Levels and vault maps discovered:
D:1:      arrival_zaba_pyramid, layout_basic
D:2:      layout_basic, gammafunk_temple_overflow_pools, serial_bayou,
          serial_bayou_pond_d, serial_bayou_lake_a, serial_bayou_lagoon_a,
          serial_bayou_pond_e
D:3:      layout_loops_ring, gammafunk_temple_overflow_elements,
          old_standard_altar, minmay_randomly_rotated_circles

Skill      XL: |  1  2  3  4 |
---------------+-------------+-----
Unarmed Combat | 3 4 5 |  5.3
Fighting       | |  3.0
Dodging        | |  2.6
Stealth        | |  1.7

Action                   |  1- 3 |  4- 6 || total
-------------------------+-------+-------++-------
Melee: Unarmed           |   138 |    80 ||   218
       Punch             |     1 |     1 ||     2
  Use: Potion            |     3 |       ||     3
 Stab: Sleeping          |     2 |     2 ||     4
  Eat: Chunk             |     3 |     2 ||     5
Armor: Robe              |    26 |     9 ||    35
       Skin              |     4 |       ||     4
Dodge: Dodged            |   110 |    47 ||   157

Table legend:
 A = Non-vault XP
 B = Vault XP
 C = Vault XP percentage of total XP
 D = Non-vault monster count
 E = Vault monster count
 F = Vault count percentage of total count
                 A         B        C        D         E       F
            +---------+---------+-------+---------+---------+-------
      Total |     206 |      10 |   4.6 |      56 |       5 |   8.2
            +---------+---------+-------+---------+---------+-------
        D:1 |      24 |       0 |   0.0 |      16 |       0 |   0.0
        D:2 |      85 |       0 |   0.0 |      26 |       0 |   0.0
        D:3 |      97 |      10 |   9.3 |      14 |       5 |  26.3
            +---------+---------+-------+---------+---------+-------
